cohdb
Replays
Latest Replays
All Replays
Popular Replays
Top Player Replays
Match Explorer
How It Works
Community
CoH3 Stats
Reddit
Sign in to upload your games and track your stats! →
Sign in with Steam
Match 42818075
Unlisted
Match 42818075
Overview
Messages
Build Orders
End
Royal Engineer Section
Construct Section Command Post
Vickers Machine Gun Team
Construct Section Command Post
Infantry Section
Infantry Section
Construct Platoon Command Post
Selects Heavy Armor Battlegroup
Grenade Package
6-pounder Anti-tank Gun Team
Humber Armored Car
Infantry Section
Unlock Bishop Self-propelled Artillery
CMP 15cwt Truck
Selects Rigorous Vehicle Training
Selects Light Vehicle Withdraw and Refit
Selects UNKNOWN (202330)
Bishop Self-propelled Artillery
Bishop Self-propelled Artillery
Selects Recon Artillery
Geno 21
Scooter
RayneFall
KOR-KINOrz
ValiantHawk
AirborneAssassin
0
0
Comments
sign in to comment!
No comments posted yet!